AoeStats
← Zzzzy咩

Black Forest

503797166Analyzed
4v4 RM · 29d ago on Sep 2, 2026· 40m 3s· 8 players
Game mode
Random Map
Map size
Large (8 player)
Population
200
Speed
Normal
Resources
Standard
Victory
Conquest
Starting age
Dark Age
Ending age
Imperial Age
RankedLock teamsTeams togetherTeam positionsShared explorationLock speedFull tech treeHidden civsTurbo modeCheats
Victory
Defeat
🇹🇼 Celts · Taiwan
1117
+14
🇦🇺 Burmese · Australia
1110
+14
🇨🇳 Celts · China
1070
+16
🇨🇳 Burgundians · China
1004
+19
🇨🇳 Huns · China
1084
-16
🇨🇳 Persians · China
1079
-16
🇳🇱 Khmer · Netherlands
1067
-16
🇮🇱 Japanese · Israel
1046
-15
MIB Asterix
4:33 Loom
12:00 Feudal Age
16:29 Castle Age
14:56 Double-Bit Axe
15:19 Horse Collar
16:29 Wheelbarrow
17:45 Bow Saw
22:03 Heavy Plow
24:08 Hand Cart
26:00 Stone Mining
26:00 Gold Mining
29:06 Stone Shaft Mining
29:07 Gold Shaft Mining
31:31 Imperial Age
28:50 Town Watch
29:12 Scale Barding Armor
30:00 Husbandry
30:11 Bloodlines
31:10 Chain Barding Armor
31:01 Forging
31:43 Fletching
31:49 Elite Battle Elephant
32:53 Conscription
33:34 Tusk Swords
34:12 Iron Casting
33:49 Light Cavalry
34:35 Hussar
35:59 Plate Barding Armor
36:24 Blast Furnace
36:38 Bodkin Arrow
37:38 Scale Mail Armor
36:59 Pikeman
37:25 Arson
39:13 Hoardings
38:15 Halberdier
38:58 Bracer
卢本伟
5:27 Loom
12:42 Feudal Age
17:27 Castle Age
16:42 Horse Collar
16:49 Double-Bit Axe
24:45 Husbandry
26:35 Gold Mining
27:22 Wheelbarrow
35:17 Bloodlines
38:05 Imperial Age
37:58 Gold Shaft Mining
39:55 Bow Saw
нежность
0:26 Loom
12:16 Feudal Age
13:28 Double-Bit Axe
15:49 Castle Age
13:33 Horse Collar
Mike
4:51 Loom
12:34 Feudal Age
16:23 Castle Age
16:06 Double-Bit Axe
16:02 Horse Collar
17:32 Bow Saw
23:14 Wheelbarrow
24:48 Stone Mining
25:54 Heavy Plow
26:10 Gold Mining
26:37 Hand Cart
29:33 Gold Shaft Mining
29:25 Yasama
32:51 Imperial Age
30:52 Scale Mail Armor
31:02 Forging
31:37 Devotion
31:33 Town Watch
31:43 Pikeman
32:24 Squires
32:10 Arson
32:12 Gambesons
32:43 Chain Mail Armor
33:03 Iron Casting
34:18 Ballistics
34:59 Chemistry
33:50 Guard Tower
33:52 Fletching
35:50 Bodkin Arrow
36:54 Siege Engineers
37:34 Fortified Wall
39:14 Kataparuto
雨あめrian
6:38 Loom
11:34 Feudal Age
12:33 Double-Bit Axe
15:06 Castle Age
13:18 Horse Collar
16:14 Bow Saw
16:06 Heavy Plow
17:09 Gold Mining
42:40 Imperial Age
Zzzzy咩
13:20 Feudal Age
12:05 Horse Collar
12:13 Double-Bit Axe
17:12 Castle Age
16:07 Heavy Plow
16:19 Bow Saw
25:59 Two-Man Saw
25:33 Crop Rotation
26:14 Forging
26:10 Scale Barding Armor
26:14 Gold Mining
26:15 Stone Mining
27:29 Wheelbarrow
27:32 Gold Shaft Mining
27:36 Iron Casting
28:08 Chain Barding Armor
27:48 Cavalier
28:28 Husbandry
29:23 Stone Shaft Mining
29:05 Hand Cart
32:26 Imperial Age
29:42 Loom
29:42 Town Watch
31:02 Burgundian Vineyards
31:32 Treadmill Crane
32:29 Paladin
34:15 Blast Furnace
33:51 Plate Barding Armor
34:18 Chemistry
33:39 Ballistics
33:44 Conscription
35:03 Guilds
35:46 Fletching
islesofurth
0:26 Loom
11:53 Feudal Age
13:58 Man-at-Arms
14:25 Arson
18:32 Scale Mail Armor
18:42 Forging
18:41 Horse Collar
23:26 Wheelbarrow
25:25 Castle Age
25:54 Wheelbarrow
26:51 Chain Mail Armor
27:11 Iron Casting
26:01 Long Swordsman
27:58 Gambesons
28:14 Squires
30:20 Pikeman
35:23 Fletching
36:10 Bodkin Arrow
deankuo
1:31 Loom
13:54 Feudal Age
18:31 Fletching
18:30 Double-Bit Axe
21:25 Castle Age
23:06 Bow Saw
28:54 Horse Collar
30:14 Gold Mining
31:51 Wheelbarrow
34:03 Imperial Age
33:15 Gold Shaft Mining
33:09 Scale Mail Armor
33:08 Stone Mining
35:00 Ballistics
34:21 Capped Ram
35:07 Siege Ram
37:28 Conscription
37:19 Furor Celtica
37:28 Heavy Scorpion
38:19 Siege Engineers
40:41 Chemistry
Connection lost

Rejoining the realm…

Still unreachable

The connection could not be restored.

Session expired

The server has moved on; the page needs a fresh start.